[Event "GER-ch Youth U12 2020"]
[Site "Willingen"]
[Date "2020.10.27"]
[Round "1.3"]
[White "Deschler, Arne"]
[Black "Haubold, Sebastian Marcel"]
[Result "1-0"]
[ECO "C23"]
[WhiteElo "1671"]
[BlackElo "1769"]
[Annotator "NA RC"]
[PlyCount "73"]
[EventDate "2020.10.27"]
[EventType "swiss"]
[EventRounds "7"]
[EventCountry "GER"]
[SourceTitle "playchess.com"]
[Source "ChessBase"]
[SourceQuality "1"]
[TimeControl "40/5400+30:1800+30"]

1. e4 e5 2. Bc4 Bc5 3. Nc3 Nf6 4. d3 h6 5. Be3 Bb6 6. h3 O-O 7. Nge2 Bxe3 8. fxe3 c6 9. Bb3 d5 10. exd5 cxd5 11. Ng3 Be6 12. O-O Qd7 13. Kh2 Nc6 14. Nce2 Rac8 15. c3 b5 16. a3 a5 17. d4 e4 18. Qd2 a4 19. Ba2 Na5 20. Rxf6 gxf6 21. Nh5 Qe7 22. Rf1 f5 23. Nef4 Nc4 24. Qf2 Rcd8 25. Bxc4 bxc4 26. Qc2 Kh8 27. Qxa4 Qb7 28. Nf6 Qxb2 29. Qd1 Qb8 30. Qh5 Kg7 31. Qh4 Rh8 32. N6h5+ Kf8 33. Qf6 Rh7 34. Rb1 Qd6 35. Rb6 Qxb6 36. Ng6+ Kg8 37. Qg7+ 1-0

[Event "GER-ch Youth U12 2020"]
[Site "Willingen"]
[Date "2020.10.27"]
[Round "1.4"]
[White "Kempe, Caius Emilian"]
[Black "Weyerer, Noah"]
[Result "1-0"]
[ECO "C00"]
[WhiteElo "1840"]
[BlackElo "1536"]
[Annotator "NA RC"]
[PlyCount "42"]
[EventDate "2020.10.27"]
[EventType "swiss"]
[EventRounds "7"]
[EventCountry "GER"]
[SourceTitle "playchess.com"]
[Source "ChessBase"]
[SourceQuality "1"]
[TimeControl "40/5400+30:1800+30"]

1. e4 e6 2. d4 d5 3. Bd3 Nf6 4. e5 Nfd7 5. f4 c5 6. c3 {[%emt 0:00:28] C01: French: Exchange Variation.} Nc6 7. Nf3 Be7 8. O-O cxd4 9. cxd4 O-O {[%emt 0:03:02] [#]} 10. Kh1 $146 ({Predecessor:} 10. a3 h6 11. f5 exf5 12. Bxf5 Bg5 13. Nxg5 hxg5 14. Qh5 g6 15. Bxg6 fxg6 16. Qxg6+ {0-1 (71) Dieckmann,R (1573)-Krueger,I (1307) Dortmund 2005}) 10... Nb4 11. Be2 b5 (11... f6 ) 12. Nc3 a6 13. a3 Nc6 14. Be3 Bb7 15. Rc1 Na5 16. Nd2 Nb6 17. Rf3 Nbc4 18. Bxc4 dxc4 19. Rh3 g6 20. Na4 Bc8 $15 (20... bxa4 $19 21. Qxa4 {[#]} Qd5 $1 ) 21. Nc5 Bd7 1-0

[Event "GER-ch Youth U12 2020"]
[Site "Willingen"]
[Date "2020.10.27"]
[Round "1.5"]
[White "Schreidl, Michael"]
[Black "Nitsche, Nikolai"]
[Result "1/2-1/2"]
[ECO "C10"]
[WhiteElo "1640"]
[BlackElo "1721"]
[Annotator "NA RC"]
[PlyCount "63"]
[EventDate "2020.10.27"]
[EventType "swiss"]
[EventRounds "7"]
[EventCountry "GER"]
[SourceTitle "playchess.com"]
[Source "ChessBase"]
[SourceQuality "1"]
[TimeControl "40/5400+30:1800+30"]

1. e4 e6 2. d4 d5 3. Nc3 dxe4 4. Nxe4 Be7 5. Nf3 Nf6 6. Nxf6+ Bxf6 7. Bd3 Nd7 8. O-O O-O 9. Qe2 Re8 10. Rd1 Qe7 11. Re1 c5 12. c3 e5 13. dxe5 Nxe5 14. Nxe5 Bxe5 15. Bf4 Bf6 16. Qxe7 Rxe7 17. Bd6 Rxe1+ 18. Rxe1 Be6 19. Bxc5 Rd8 20. Bb1 Rd2 21. Ba3 g6 22. Be4 b6 23. Bf3 h5 24. Rd1 Rxd1+ 25. Bxd1 Bxa2 26. Kf1 Bd5 27. Bd6 Bd8 28. Be2 f6 29. Ba6 Kf7 30. f3 Ke6 31. Bb8 Bc6 32. Bg3 1/2-1/2

[Event "GER-ch Youth U12 2020"]
[Site "Willingen"]
[Date "2020.10.27"]
[Round "1.6"]
[White "Möller, Maurin"]
[Black "Kieselbach, Jannik"]
[Result "1-0"]
[ECO "C07"]
[WhiteElo "1645"]
[BlackElo "1453"]
[Annotator "NA"]
[PlyCount "38"]
[EventDate "2020.10.27"]
[EventType "swiss"]
[EventRounds "7"]
[EventCountry "GER"]
[SourceTitle "playchess.com"]
[Source "ChessBase"]
[SourceQuality "1"]
[TimeControl "40/5400+30:1800+30"]

1. e4 e6 2. d4 d5 3. Nd2 c5 4. c3 Nc6 5. exd5 exd5 6. Ndf3 cxd4 7. Nxd4 Nxd4 8. Qxd4 Ne7 9. Nf3 f6 10. Bb5+ Bd7 11. Bxd7+ Qxd7 12. O-O Nc6 13. Re1+ Be7 14. Qa4 O-O 15. Nd4 Rfd8 16. Be3 Bd6 17. Qb3 Kh8 18. g3 Be5 19. Rad1 Rg8 1-0

[Event "GER-ch Youth U12 2020"]
[Site "Willingen"]
[Date "2020.10.27"]
[Round "1.7"]
[White "Eichhorn, Valentin"]
[Black "Huber, Benedikt"]
[Result "1-0"]
[ECO "A22"]
[WhiteElo "1545"]
[BlackElo "2191"]
[Annotator "ChessBase"]
[PlyCount "143"]
[EventDate "2020.10.27"]
[EventType "swiss"]
[EventRounds "7"]
[EventCountry "GER"]
[SourceTitle "playchess.com"]
[Source "ChessBase"]
[SourceQuality "1"]
[TimeControl "40/5400+30:1800+30"]

1. c4 e5 2. Nc3 Nf6 3. g3 Nc6 4. Bg2 Bc5 5. e3 d6 6. Nge2 a6 7. a3 Ba7 8. Nd5 Be6 9. Qc2 Qd7 10. Nec3 Nd8 11. Nxf6+ gxf6 12. Nd5 Bxd5 13. cxd5 Rc8 14. h4 c6 15. Bh3 Qc7 16. Bxc8 Qxc8 17. b3 Qd7 18. dxc6 Nxc6 19. Bb2 d5 20. d3 d4 21. e4 Qg4 22. Qe2 Qe6 23. b4 Bb6 24. O-O Qh3 25. Qf3 Rg8 26. Rfd1 Qxh4 27. Kg2 Qg5 28. Bc1 Qg7 29. Rh1 Na7 30. Bh6 Qg6 31. Qf5 Kd8 32. Qxg6 hxg6 33. Bd2 Ke7 34. Rac1 Nc6 35. a4 Na7 36. Rc2 Kd6 37. Bc1 Ke6 38. Bd2 Re8 39. Re1 g5 40. f4 gxf4 41. gxf4 Rg8+ 42. Kf3 Rh8 43. f5+ Ke7 44. Rg1 Rh3+ 45. Rg3 Rh2 46. b5 Rh8 47. bxa6 bxa6 48. Rb2 Nc8 49. Bb4+ Ke8 50. Rbg2 Ne7 51. Rc2 a5 52. Bd2 Kd7 53. Rb2 Bc7 54. Rb5 Nc6 55. Kg2 Ke7 56. Bc1 Nb4 57. Ba3 Ra8 58. Bxb4+ axb4 59. Rxb4 Ra7 60. Kf3 Bd6 61. Rc4 Rb7 62. Rg2 Rb3 63. Rd2 Ra3 64. Ke2 Rb3 65. Rdc2 Rb7 66. a5 Ra7 67. Ra4 Ra6 68. Rb2 Ra7 69. a6 Kd7 70. Rb7+ Rxb7 71. axb7 Kc6 72. Ra6+ 1-0

[Event "GER-ch Youth U12 2020"]
[Site "Willingen"]
[Date "2020.10.27"]
[Round "1.8"]
[White "Navarro Jahnke, Leo"]
[Black "Berresheim, Nils"]
[Result "1-0"]
[ECO "A45"]
[WhiteElo "1686"]
[BlackElo "1534"]
[Annotator "NA RC"]
[PlyCount "191"]
[EventDate "2020.10.27"]
[EventType "swiss"]
[EventRounds "7"]
[EventCountry "GER"]
[SourceTitle "playchess.com"]
[Source "ChessBase"]
[SourceQuality "1"]
[TimeControl "40/5400+30:1800+30"]

1. d4 Nf6 2. Bf4 d5 3. e3 c5 4. c3 e6 5. Nd2 Nc6 6. Ngf3 Bd6 7. Bg3 O-O 8. Bd3 b6 9. O-O Bb7 10. Re1 Bxg3 11. hxg3 Re8 12. Qe2 e5 13. dxe5 Nxe5 14. Nxe5 Rxe5 15. Nf3 Re7 16. Rad1 Qe8 17. Bb5 Bc6 18. Bxc6 Qxc6 19. Qc2 h6 20. c4 dxc4 21. Qxc4 Re4 22. Qc2 Rae8 23. Nd4 Qd7 24. Nf3 Qe7 25. Nd2 Re5 26. Nc4 Rd5 27. Rxd5 Nxd5 28. a3 b5 29. Nd2 Nb6 30. Rc1 c4 31. Nf3 a5 32. Nd4 b4 33. axb4 axb4 34. Ra1 Rc8 35. Qf5 Qc5 36. Ra5 Qxf5 37. Nxf5 Kf8 38. Rb5 c3 39. bxc3 bxc3 40. Nd4 Na4 41. Rb1 Ke7 42. Kf1 Kd6 43. Ke2 Kd5 44. Kd3 Nb2+ 45. Kc2 Kc4 46. Ne2 Kb4 47. Nc1 Ra8 48. Nd3+ Kc4 49. Nxb2+ cxb2 50. Rxb2 Ra7 51. Kd2 g6 52. Rc2+ Kd5 53. Ke2 Rb7 54. Rd2+ Ke5 55. f4+ Kf5 56. Kf3 Rb3 57. Rd6 h5 58. Ra6 Rc3 59. Ra5+ Kf6 60. Re5 Ra3 61. g4 hxg4+ 62. Kxg4 Ra2 63. g3 Ra3 64. Kf3 Rb3 65. Rd5 Ke6 66. Ra5 Kf6 67. Ra4 Ke6 68. Ra6+ Ke7 69. g4 Rc3 70. g5 Rb3 71. Ke4 Rb4+ 72. Kd5 Rb5+ 73. Kc4 Rb1 74. Kd4 Rb4+ 75. Kc5 Rb1 76. Ra4 Rc1+ 77. Rc4 Ra1 78. Kd5 Ra5+ 79. Rc5 Ra6 80. Rc7+ Kf8 81. e4 Kg7 82. e5 Kf8 83. Rc6 Ra4 84. Rc4 Ra6 85. Rc6 Ra4 86. e6 Rxf4 87. Rc8+ Ke7 88. Rc7+ Ke8 89. Rxf7 Ra4 90. Ke5 Ra5+ 91. Kf6 Ra6 92. Rg7 Kf8 93. Rxg6 Rb6 94. Rh6 Kg8 95. g6 Ra6 96. g7 1-0

[Event "GER-ch Youth U12 2020"]
[Site "Willingen"]
[Date "2020.10.27"]
[Round "1.9"]
[White "Gaertner, Alessandro"]
[Black "Krüger, Arthur"]
[Result "1-0"]
[ECO "E61"]
[WhiteElo "1251"]
[BlackElo "1704"]
[Annotator "NA RC"]
[PlyCount "43"]
[EventDate "2020.10.27"]
[EventType "swiss"]
[EventRounds "7"]
[EventCountry "GER"]
[SourceTitle "playchess.com"]
[Source "ChessBase"]
[SourceQuality "1"]
[TimeControl "40/5400+30:1800+30"]

1. d4 Nf6 2. c4 g6 3. Nc3 Bg7 4. Nf3 O-O 5. Bf4 d6 6. h3 c5 7. e3 Na6 8. a3 Qb6 9. Qd2 Bf5 10. Nh4 Bd7 11. g4 cxd4 12. exd4 e5 13. Be3 Nxg4 14. Nd5 Qb3 15. hxg4 exd4 16. Ne7+ Kh8 17. Bxd4 Rfe8 18. Nhxg6+ fxg6 19. Bxg7+ Kxg7 20. Qd4+ Kf7 21. Rxh7+ Ke6 22. Qd5+ 1-0

[Event "GER-ch Youth U12 2020"]
[Site "Willingen"]
[Date "2020.10.27"]
[Round "1.10"]
[White "Sauer, Tim"]
[Black "Cromm, Mika"]
[Result "0-1"]
[ECO "A06"]
[WhiteElo "1729"]
[BlackElo "1665"]
[Annotator "NA"]
[PlyCount "98"]
[EventDate "2020.10.27"]
[EventType "swiss"]
[EventRounds "7"]
[EventCountry "GER"]
[SourceTitle "playchess.com"]
[Source "ChessBase"]
[SourceQuality "1"]
[TimeControl "40/5400+30:1800+30"]

1. Nf3 d5 2. g3 Nf6 3. Bg2 e6 4. O-O Bd6 5. d3 O-O 6. Nbd2 c6 7. e4 e5 8. Re1 dxe4 9. dxe4 Be6 10. h3 h6 11. Qe2 Qc7 12. g4 Nh7 13. Nf1 b5 14. b3 a6 15. Nh4 c5 16. Nf5 c4 17. N1g3 Kh8 18. g5 hxg5 19. Qh5 f6 20. h4 Be7 21. Qg6 Bd8 22. hxg5 Rg8 23. gxf6 gxf6 24. Qh5 Bf7 25. Qh4 Nc6 26. f4 Rc8 27. Kf2 cxb3 28. cxb3 Nb4 29. Rh1 Qc2+ 30. Ne2 Rxg2+ 31. Kxg2 Qxe2+ 32. Qf2 Qxf2+ 33. Kxf2 Nd3+ 34. Ke3 Nxf4 35. Bd2 Bb6+ 36. Kf3 Bh5+ 37. Rxh5 Nxh5 38. Nd6 Rc2 39. Rd1 Rxa2 40. Bh6 Rb2 41. Kg4 Nf4 42. Rc1 Ng5 43. Kf5 Kh7 44. Bxg5 fxg5 45. Kf6 Bd8+ 46. Kf7 Rf2 47. Nf5 Ng6 48. Rc6 Nh8+ 49. Kf8 Rh2 0-1

[Event "GER-ch Youth U12 2020"]
[Site "Willingen"]
[Date "2020.10.27"]
[Round "1.11"]
[White "Aravindan, Midhulan"]
[Black "Chinguun Sundui"]
[Result "0-1"]
[ECO "B15"]
[WhiteElo "1565"]
[BlackElo "1746"]
[Annotator "NA"]
[PlyCount "138"]
[EventDate "2020.10.27"]
[EventType "swiss"]
[EventRounds "7"]
[EventCountry "GER"]
[SourceTitle "playchess.com"]
[Source "ChessBase"]
[SourceQuality "1"]
[TimeControl "40/5400+30:1800+30"]

1. e4 c6 2. d4 d5 3. Nd2 dxe4 4. Nxe4 Nf6 5. Nxf6+ exf6 6. c3 Bd6 7. Bd3 Qc7 8. Nf3 O-O 9. O-O Bg4 10. h3 Bh5 11. Be3 Nd7 12. Be2 Rfe8 13. Re1 Nf8 14. Nd2 Bxe2 15. Rxe2 Ng6 16. Nc4 Rad8 17. Qd3 b5 18. Nxd6 Qxd6 19. Rae1 Ne5 20. Qf5 Ng6 21. Kf1 Re6 22. f3 Rde8 23. Qg4 a5 24. Kf2 Kf8 25. g3 Qd5 26. f4 f5 27. Qh5 h6 28. g4 fxg4 29. Qxd5 cxd5 30. hxg4 Re4 31. Kf3 f5 32. g5 hxg5 33. fxg5 Kf7 34. Bd2 Nh4+ 35. Kf2 Ke6 36. Bf4 Ng6 37. Bc7 a4 38. Bg3 Kd7 39. Kf3 Rxe2 40. Rxe2 Rxe2 41. Kxe2 f4 42. Be1 Ke6 43. b3 axb3 44. axb3 Kf5 45. Kd3 Kxg5 46. c4 bxc4+ 47. bxc4 dxc4+ 48. Kxc4 Kf5 49. d5 Ne5+ 50. Kb5 g5 51. Kb6 g4 52. Kc7 f3 53. d6 Nf7 54. Bg3 Ke4 55. d7 Ke3 56. d8=Q Nxd8 57. Kxd8 f2 58. Bc7 f1=Q 59. Kd7 Qf7+ 60. Kc6 Qxc7+ 61. Kxc7 g3 62. Kd6 g2 63. Ke5 g1=Q 64. Kf5 Qh2 65. Kg5 Qf4+ 66. Kh5 Qg3 67. Kh6 Qg4 68. Kh7 Qg5 69. Kh8 Ke4 0-1

[Event "GER-ch Youth U12 2020"]
[Site "Willingen"]
[Date "2020.10.27"]
[Round "1.12"]
[White "Uhlmann, Tim"]
[Black "Göpfert, Gregor"]
[Result "1-0"]
[ECO "C50"]
[WhiteElo "1523"]
[BlackElo "1603"]
[Annotator "NA"]
[PlyCount "79"]
[EventDate "2020.10.27"]
[EventType "swiss"]
[EventRounds "7"]
[EventCountry "GER"]
[SourceTitle "playchess.com"]
[Source "ChessBase"]
[SourceQuality "1"]
[TimeControl "40/5400+30:1800+30"]

1. e4 e5 2. Nf3 Nc6 3. d4 exd4 4. Bc4 Be7 5. c3 dxc3 6. Qd5 Nh6 7. Bxh6 O-O 8. Bxg7 Kxg7 9. Nxc3 d6 10. O-O Be6 11. Qd3 Bf6 12. Bxe6 fxe6 13. Rac1 Qe7 14. b3 Kh8 15. Ne2 Qg7 16. Ng3 Rg8 17. Kh1 a6 18. Rg1 Qf7 19. Ne2 Raf8 20. Rcf1 Rg7 21. Nfd4 Nxd4 22. Nxd4 Bxd4 23. Qxd4 e5 24. Qe3 c6 25. f3 Re8 26. f4 exf4 27. Rxf4 Qg6 28. g3 Rge7 29. Qd4+ Kg8 30. Re1 Re5 31. h3 h6 32. Kg2 Qe6 33. Qf2 d5 34. Rf6 Qe7 35. Qf4 Rxe4 36. Rg6+ Kh8 37. Qxh6+ Qh7 38. Qg5 Rxe1 39. Qf6+ Qg7 40. Qxg7# 1-0

[Event "GER-ch Youth U12 2020"]
[Site "Willingen"]
[Date "2020.10.27"]
[Round "1.13"]
[White "Vecera, Fabio"]
[Black "Udelnov, Valentin"]
[Result "0-1"]
[ECO "C56"]
[WhiteElo "1534"]
[BlackElo "1691"]
[Annotator "NA RC"]
[PlyCount "34"]
[EventDate "2020.10.27"]
[EventType "swiss"]
[EventRounds "7"]
[EventCountry "GER"]
[SourceTitle "playchess.com"]
[Source "ChessBase"]
[SourceQuality "1"]
[TimeControl "40/5400+30:1800+30"]

1. e4 e5 2. Nf3 Nc6 3. d4 exd4 4. Bc4 Nf6 5. O-O Nxe4 6. Re1 d5 7. Bxd5 Qxd5 8. Nc3 Qh5 9. Nxe4 Be6 10. Bg5 Bd6 11. Nxd4 Qxh2+ 12. Kf1 Bc4+ 13. Qd3 Bxd3+ 14. cxd3 O-O 15. Nf5 f6 16. Bd2 Qh1+ 17. Ke2 Qh5+ 0-1

[Event "GER-ch Youth U12 2020"]
[Site "Willingen"]
[Date "2020.10.27"]
[Round "1.14"]
[White "Sommer, Justus"]
[Black "Werner, Florin"]
[Result "1-0"]
[ECO "C13"]
[WhiteElo "1845"]
[BlackElo "1481"]
[Annotator "NA RC"]
[PlyCount "71"]
[EventDate "2020.10.27"]
[EventType "swiss"]
[EventRounds "7"]
[EventCountry "GER"]
[SourceTitle "playchess.com"]
[Source "ChessBase"]
[SourceQuality "1"]
[TimeControl "40/5400+30:1800+30"]

1. e4 e6 2. d4 d5 3. Nc3 Nf6 4. Bg5 Be7 5. exd5 exd5 6. Bd3 c6 7. Nf3 {[%emt 0:00:42] C01: French: Exchange Variation.} h6 8. Bh4 Bg4 9. O-O O-O {[%emt 0:00:45] [#]} 10. Re1 $146 ({Predecessor:} 10. h3 Bxf3 11. Qxf3 Nbd7 12. Rfe1 Re8 13. Re2 Bb4 14. Rae1 Rxe2 15. Rxe2 Qc7 16. Qf5 Bxc3 17. bxc3 {0-1 (65) Goebel,M (1131)-Lauer,F (918) LSS email 2011}) 10... Bd6 11. Nb1 Nbd7 12. Nbd2 Qc7 13. Nf1 Rfe8 14. Rxe8+ Rxe8 15. Bg3 Ne4 16. Bxd6 Qxd6 17. Ne3 Ndf6 18. h3 Bh5 (18... Bxf3 $142 19. Qxf3 Qb4 {[%mdl 64] Double Attack}) 19. g4 Bg6 20. Ne5 ({Better is} 20. Ng2) 20... c5 21. Nxg6 fxg6 22. Bxe4 Rxe4 23. dxc5 Qxc5 24. Qd3 $11 Rd4 25. Qxg6 Rd2 26. Rf1 Ne4 27. Nf5 Qf8 28. Nxh6+ Kh8 29. Nf7+ Kg8 30. Ng5 Qf6 31. Qe8+ Qf8 32. Qe6+ Kh8 33. Nxe4 dxe4 34. Qxe4 Qf6 35. Qxb7 Rxc2 36. Qe4 1-0

[Event "GER-ch Youth U12 2020"]
[Site "Willingen"]
[Date "2020.10.27"]
[Round "1.16"]
[White "Klaska, Philipp Leon"]
[Black "Leubner, Paul Damdin"]
[Result "1-0"]
[ECO "B90"]
[WhiteElo "1716"]
[BlackElo "1409"]
[Annotator "NA RC"]
[PlyCount "71"]
[EventDate "2020.10.27"]
[EventType "swiss"]
[EventRounds "7"]
[EventCountry "GER"]
[SourceTitle "playchess.com"]
[Source "ChessBase"]
[SourceQuality "1"]
[TimeControl "40/5400+30:1800+30"]

1. e4 c5 2. Nf3 d6 3. d4 cxd4 4. Nxd4 Nf6 5. Nc3 a6 6. Be3 e5 7. Nb3 Be6 8. Qd2 Be7 9. Rd1 Ng4 10. Be2 Nxe3 11. Qxe3 Nd7 12. O-O O-O 13. Nd5 Rc8 14. c4 f5 15. f3 Qe8 16. Na5 Bxd5 17. cxd5 Bd8 18. Qa3 Bxa5 19. Qxa5 Qg6 20. Bd3 f4 21. Rc1 Rc5 22. Qa4 Qf7 23. b4 Nb6 24. Qa3 Rcc8 25. Qa5 Rxc1 26. Rxc1 Rc8 27. Rxc8+ Nxc8 28. Qd8+ Qf8 29. Qd7 b5 30. Qb7 Qd8 31. Qxa6 Qb6+ 32. Qxb6 Nxb6 33. Bxb5 Kf8 34. a4 Ke7 35. a5 Nc8 36. Ba6 1-0

[Event "GER-ch Youth U12 2020"]
[Site "Willingen"]
[Date "2020.10.27"]
[Round "1.17"]
[White "Mader, Fabian"]
[Black "Zobel, Christian"]
[Result "0-1"]
[ECO "C50"]
[WhiteElo "1588"]
[BlackElo "1521"]
[Annotator "NA"]
[PlyCount "119"]
[EventDate "2020.10.27"]
[EventType "swiss"]
[EventRounds "7"]
[EventCountry "GER"]
[SourceTitle "playchess.com"]
[Source "ChessBase"]
[SourceQuality "1"]
[TimeControl "40/5400+30:1800+30"]

1. e4 e5 2. Bc4 Nf6 3. d3 Nc6 4. Nf3 Bc5 5. c3 d6 6. Bb3 h6 7. Nbd2 O-O 8. h3 Be6 9. Bc2 Nh5 10. Nxe5 Bxf2+ 11. Kxf2 Qh4+ 12. Kg1 Nxe5 13. d4 Ng6 14. Nf3 Qe7 15. Kh2 Nf6 16. Rf1 Rfe8 17. Qd3 Bd7 18. Re1 Bc6 19. d5 Ne5 20. Nxe5 Qxe5+ 21. Kg1 Bxd5 22. Bf4 Qxf4 23. exd5 Qg5 24. c4 Re5 25. Qd4 Rae8 26. Qf2 Nh5 27. Rxe5 Qxe5 28. Rf1 Nf6 29. Qxa7 Qxb2 30. Bb3 Re2 31. Rf2 Rxf2 32. Qxf2 Qxf2+ 33. Kxf2 g5 34. Ke3 Nh5 35. Bd1 Nf4 36. g3 Ng6 37. Bh5 Kg7 38. Bg4 Ne5 39. Be2 Kg6 40. g4 f5 41. Kd4 fxg4 42. hxg4 h5 43. gxh5+ Kh6 44. Ke4 g4 45. Kf4 Kxh5 46. Kg3 Kg5 47. Bf1 Kf5 48. a4 Ke4 49. Be2 Kd4 50. Bf1 Nxc4 51. Be2 Ne3 52. Kf4 Nxd5+ 53. Kxg4 Nc3 54. Bf3 Nxa4 55. Bxb7 c5 56. Kf3 Kd3 57. Be4+ Kd2 58. Bd5 Nb6 59. Ke4 Nxd5 60. Kxd5 0-1

[Event "GER-ch Youth U12 2020"]
[Site "Willingen"]
[Date "2020.10.27"]
[Round "1.18"]
[White "Braeutigam, Alexander"]
[Black "Schneble, Milan"]
[Result "1-0"]
[ECO "D35"]
[WhiteElo "1631"]
[BlackElo "1418"]
[Annotator "NA RC"]
[PlyCount "111"]
[EventDate "2020.10.27"]
[EventType "swiss"]
[EventRounds "7"]
[EventCountry "GER"]
[SourceTitle "playchess.com"]
[Source "ChessBase"]
[SourceQuality "1"]
[TimeControl "40/5400+30:1800+30"]

1. d4 d5 2. c4 Nf6 3. Nc3 e6 4. f3 Nc6 5. Nh3 h6 6. Nf2 dxc4 7. e3 Bb4 8. a3 Ba5 9. Bxc4 e5 10. d5 Ne7 11. e4 Bb6 12. Qe2 Ng6 13. Be3 Bxe3 14. Qxe3 Qe7 15. O-O O-O 16. Rfd1 Ne8 17. Rac1 Nf4 18. Nd3 Nd6 19. Ba2 Nxd3 20. Qxd3 f5 21. Nb5 fxe4 22. fxe4 Bg4 23. Rxc7 Qd8 24. Rdc1 Nxb5 25. Qxb5 a6 26. Qxb7 Qf6 27. R7c2 Rab8 28. Qc6 Qf4 29. h3 Qe3+ 30. Kh2 Bxh3 31. Qc3 Qxc3 32. Rxc3 Rxb2 33. Kxh3 Rxa2 34. Rd1 Re2 35. d6 Rd8 36. d7 Kf7 37. Rc4 Re3+ 38. Kg4 Ke7 39. Kf5 Rxd7 40. Rxd7+ Kxd7 41. Ra4 Rg3 42. Kxe5 a5 43. Kf4 Rg5 44. g4 Rb5 45. Rd4+ Ke6 46. a4 Rb3 47. e5 Rb4 48. Rxb4 axb4 49. a5 g5+ 50. Ke4 b3 51. Kd3 Kxe5 52. a6 b2 53. Kc2 Kf4 54. a7 Kxg4 55. a8=Q h5 56. Kxb2 1-0

[Event "GER-ch Youth U12 2020"]
[Site "Willingen"]
[Date "2020.10.27"]
[Round "1.19"]
[White "Guo, Jacob Tingshen"]
[Black "Winkler, Yonathan"]
[Result "1/2-1/2"]
[ECO "D15"]
[WhiteElo "1551"]
[BlackElo "1680"]
[Annotator "NA RC"]
[PlyCount "49"]
[EventDate "2020.10.27"]
[EventType "swiss"]
[EventRounds "7"]
[EventCountry "GER"]
[SourceTitle "playchess.com"]
[Source "ChessBase"]
[SourceQuality "1"]
[TimeControl "40/5400+30:1800+30"]

1. d4 d5 2. c4 c6 3. Nf3 Nf6 4. Nc3 dxc4 5. e3 b5 6. a4 Nd5 7. Ne5 Nxc3 8. bxc3 Qd6 9. Qf3 Qf6 10. Be2 Ba6 11. Qg4 h5 12. Qh3 e6 13. Bf3 b4 14. Nxc6 Bb7 15. Nxb4 Bxf3 16. Qxf3 Qxf3 17. gxf3 a5 18. Nc2 Nd7 19. Ba3 Bxa3 20. Nxa3 Nb6 21. Kd2 Kd7 22. Rhg1 g6 23. Rg5 Rhc8 24. Nb5 Rab8 25. e4 1/2-1/2

[Event "GER-ch Youth U12 2020"]
[Site "Willingen"]
[Date "2020.10.27"]
[Round "1.20"]
[White "Korek, Jakob Alexander"]
[Black "Ehrlich, Patrick"]
[Result "0-1"]
[ECO "A41"]
[WhiteElo "1592"]
[BlackElo "1448"]
[Annotator "NA RC"]
[PlyCount "69"]
[EventDate "2020.10.27"]
[EventType "swiss"]
[EventRounds "7"]
[EventCountry "GER"]
[SourceTitle "playchess.com"]
[Source "ChessBase"]
[SourceQuality "1"]
[TimeControl "40/5400+30:1800+30"]

1. d4 d6 2. Nf3 Nf6 3. c4 g6 4. Nc3 Bg7 5. e4 Bg4 6. Be2 c5 7. Be3 Qa5 8. O-O Nc6 9. d5 Bxf3 10. Bxf3 Ne5 11. Be2 Qb4 12. Qb3 Qxb3 13. axb3 O-O 14. f4 Neg4 15. Bd2 h5 16. h3 Nh6 17. Bd3 e6 18. dxe6 fxe6 19. Nb5 Ne8 20. Bc3 e5 21. fxe5 Rxf1+ 22. Kxf1 dxe5 23. Rxa7 Rd8 24. Bc2 Rb8 25. Ba5 Nf7 26. Nc7 Nxc7 27. Bxc7 Rf8 28. Ke2 Rc8 29. Rxb7 Kh7 30. Ra7 Re8 31. Bb6 Nd8 32. Ra8 Bf6 33. Bxc5 Re6 34. Ra7+ Bg7 35. Bf8 0-1

[Event "GER-ch Youth U12 2020"]
[Site "Willingen"]
[Date "2020.10.27"]
[Round "1.21"]
[White "Dorendorf, Mika"]
[Black "Isbilir, Levin"]
[Result "1/2-1/2"]
[ECO "A25"]
[WhiteElo "1462"]
[BlackElo "1233"]
[Annotator "NA RC"]
[PlyCount "53"]
[EventDate "2020.10.27"]
[EventType "swiss"]
[EventRounds "7"]
[EventCountry "GER"]
[SourceTitle "playchess.com"]
[Source "ChessBase"]
[SourceQuality "1"]
[TimeControl "40/5400+30:1800+30"]

1. c4 e5 2. Nc3 Nc6 3. g3 d6 4. Bg2 Be6 5. Nd5 Qd7 6. e3 Nd8 7. d3 c6 8. Nc3 g6 9. e4 Bg7 10. Nge2 Bh3 11. O-O h5 12. f4 h4 13. f5 Bxg2 14. Kxg2 gxf5 15. exf5 Nf6 16. Ne4 Nxe4 17. dxe4 f6 18. g4 Nf7 19. h3 Bh6 20. Ng1 O-O-O 21. Nf3 Rdg8 22. Bxh6 Nxh6 23. Kh2 Kc7 24. Qd2 Qg7 25. Rad1 Rd8 26. Rg1 Nf7 27. Ra1 1/2-1/2

[Event "GER-ch Youth U12 2020"]
[Site "Willingen"]
[Date "2020.10.27"]
[Round "1.22"]
[White "Haubold, Christian Lucas"]
[Black "Schwarz, David"]
[Result "1-0"]
[ECO "C50"]
[WhiteElo "1615"]
[BlackElo "1200"]
[Annotator "NA RC"]
[PlyCount "58"]
[EventDate "2020.10.27"]
[EventType "swiss"]
[EventRounds "7"]
[EventCountry "GER"]
[SourceTitle "playchess.com"]
[Source "ChessBase"]
[SourceQuality "1"]
[TimeControl "40/5400+30:1800+30"]

1. e4 e5 2. Nf3 Nc6 3. Bc4 Bc5 4. d3 Nf6 5. O-O d6 6. c3 a6 7. Bb3 Ba7 8. Nbd2 h6 9. h3 Be6 10. Re1 Qd7 11. Nf1 g5 12. Ne3 Ne7 13. Nh2 O-O-O 14. Qf3 Neg8 15. Nhf1 h5 16. Ng3 g4 17. Bxe6 fxe6 18. hxg4 hxg4 19. Nxg4 Nxg4 20. Qxg4 Rf8 21. Be3 Nf6 22. Qd1 Bxe3 23. Rxe3 Qh7 24. Rf3 Qh2+ 25. Kf1 Nd7 26. Rxf8+ Rxf8 27. Qg4 c5 28. Qh3 Qxh3 29. gxh3 Rf3 1-0

[Event "GER-ch Youth U12 2020"]
[Site "Willingen"]
[Date "2020.10.27"]
[Round "1.24"]
[White "Torosyan, Bagrat"]
[Black "Müller, Mitja"]
[Result "1-0"]
[ECO "B42"]
[WhiteElo "1634"]
[BlackElo "1360"]
[Annotator "NA RC"]
[PlyCount "57"]
[EventDate "2020.10.27"]
[EventType "swiss"]
[EventRounds "7"]
[EventCountry "GER"]
[SourceTitle "playchess.com"]
[Source "ChessBase"]
[SourceQuality "1"]
[TimeControl "40/5400+30:1800+30"]

1. e4 c5 2. Nf3 e6 3. d4 cxd4 4. Nxd4 a6 5. Bd3 Qc7 6. O-O Nf6 7. Re1 d6 8. c4 Be7 9. Nc3 O-O 10. Be3 Nc6 11. f4 Rd8 12. Kh1 Nb4 13. Bf1 e5 14. Nb3 Ng4 15. f5 Nf6 16. a3 Nc6 17. Bg5 Qb6 18. Bxf6 Bxf6 19. Nd5 Qf2 20. Qg4 Kf8 21. Re2 Qa7 22. Rd1 b5 23. cxb5 axb5 24. Rc2 Na5 25. Rc7 Qf2 26. Nxa5 Rxa5 27. Qh5 g6 28. Qxh7 Bg7 29. f6 1-0

[Event "GER-ch Youth U12 2020"]
[Site "Willingen"]
[Date "2020.10.27"]
[Round "1.27"]
[White "Detjen, Mattes"]
[Black "Fruth, David"]
[Result "0-1"]
[ECO "C42"]
[WhiteElo "1190"]
[BlackElo "1665"]
[Annotator "NA RC"]
[PlyCount "68"]
[EventDate "2020.10.27"]
[EventType "swiss"]
[EventRounds "7"]
[EventCountry "GER"]
[SourceTitle "playchess.com"]
[Source "ChessBase"]
[SourceQuality "1"]
[TimeControl "40/5400+30:1800+30"]

1. e4 e5 2. Nf3 Nf6 3. Nxe5 d6 4. Nf3 Nxe4 5. Nc3 Nxc3 6. dxc3 Be7 7. Bd3 Nc6 8. Bf4 Be6 9. Qe2 Qd7 10. O-O-O O-O-O 11. Bb5 Kb8 12. Ne5 Qe8 13. Nxc6+ bxc6 14. Ba6 Ka8 15. b4 Bf6 16. Kd2 Qe7 17. b5 Bxc3+ 18. Kxc3 Qf6+ 19. Kd3 Qxf4 20. bxc6 Rhe8 21. Qf3 Bf5+ 22. Kc3 Qe5+ 23. Kb3 Be6+ 24. c4 d5 25. Rb1 dxc4+ 26. Ka4 Bc8 27. Bxc4 Rd4 28. Qb3 Ba6 29. Rhc1 Qc5 30. Rc2 Rxc4+ 31. Rxc4 Qxc4+ 32. Qxc4 Bxc4 33. Rb7 Rc8 34. Kb4 Ba6 0-1